 Dungeon Crawl Stone Soup version 0.28-a0-1594-ga885d4b3d6 (webtiles) character file.

Game seed: 672942535561224391

67891 browni3141 the Black Crusader (level 14, -8/100 HPs)
             Began as a Mummy Necromancer on Jan 20, 2022.
             Was an Initiate of Yredelemnul.
             Mangled by a mana viper (13 damage)
             ... on level 3 of the Lair of Beasts.
             The game lasted 01:08:55 (26752 turns).

browni3141 the Black Crusader (Mummy Necromancer)  Turns: 26752, Time: 01:08:56

Health: -8/100     AC: 17    Str: 12    XL:     14   Next: 84%
Magic:  1/27       EV: 15    Int: 19    God:    Yredelemnul [......]
Gold:   822        SH:  0    Dex:  7    Spells: 13/31 levels left

rFire   . . .      SeeInvis .   z - +0 spear (venom)
rCold   + + .      Faith    .   K - orb {light}
rNeg    + + +      Spirit   .   P - +4 ring mail of Lyuxzelil {rElec rC+ Will+++ Dex-5}
rPois   ∞          Reflect  .   d - +0 helmet
rElec   +          Harm     .   I - +1 cloak {rF+}
rCorr   .          Rampage  .   G - +0 pair of gloves
Will    ++++.                   L - +2 pair of boots
Stlth   +.........              i - amulet of magic regeneration
HPRegen 0.26/turn               q - +4 ring of evasion
MPRegen 0.60/turn               H - +4 ring of slaying

@: glowing
A: cold resistance 1, negative energy resistance 3, torment resistance 2, heat
vulnerability 1, in touch with death 1, no potions
a: Renounce Religion, Recall Undead Harvest


You were on level 3 of the Lair of Beasts.
You worshipped Yredelemnul.
Yredelemnul was most pleased with you.
You visited 4 branches of the dungeon, and saw 20 of its levels.
You also visited: Volcano.

You collected 1374 gold pieces.
You spent 552 gold pieces at shops.

Inventory:

Hand Weapons
 b - a +0 hand crossbow
 f - a +0 dagger
 k - a +0 short sword of draining
 t - a +0 trident
 x - a +1 dagger of venom
 z - a +0 spear of venom (weapon)
Missiles
 h - 253 stones
 j - a curare-tipped dart (quivered)
 o - 36 poisoned darts
 p - 3 silver boomerangs
Armour
 a - a +0 robe
 c - a +0 pair of boots
 d - a +0 helmet (worn)
 y - a +0 cloak
 A - +0 acid dragon scales
 G - a +0 pair of gloves (worn)
 I - a +1 cloak of fire resistance (worn)
 K - an orb of light (worn)
 L - a +2 pair of boots (worn)
 N - a scarf of invisibility
 P - the +4 ring mail of Lyuxzelil (worn) {rElec rC+ Will+++ Dex-5}
   (You found it on level 6 of the Lair of Beasts)

   Dex:       It affects your dexterity (-5).
   rC:        It protects you from cold.
   rElec:     It insulates you from electricity.
   Will:      It greatly increases your willpower.
Magical Staves
 Q - a staff of death
Jewellery
 i - an amulet of magic regeneration (around neck)
 m - a ring of protection from fire
 q - a +4 ring of evasion (left hand)
 v - a +6 ring of dexterity
 C - a +6 ring of intelligence
 D - a +6 ring of dexterity
 H - a +4 ring of slaying (right hand)
Wands
 n - a wand of iceblast (4)
 E - a wand of paralysis (14)
 F - a wand of flame (2)
Scrolls
 e - 2 scrolls of immolation
 g - 13 scrolls of identify
 l - 8 scrolls of teleportation
 r - 4 scrolls of amnesia
 s - 3 scrolls of fear
 u - 4 scrolls of vulnerability
 w - a scroll of magic mapping
 B - 4 scrolls of blinking
 J - a scroll of silence {unknown}
 M - a scroll of torment
 O - a scroll of enchant weapon {unknown}


   Skills:
 + Level 6.1 Fighting
 * Level 7.3 Polearms
 + Level 4.0 Armour
 + Level 4.1 Dodging
 - Level 1.5 Stealth
 + Level 9.0 Spellcasting
 * Level 11.1 Necromancy
 - Level 17.4 Invocations
 - Level 5.0 Evocations


You had 13 spell levels left.
You knew the following spells:

 Your Spells              Type           Power      Damage    Failure   Level
a - Pain                  Necr           100%       1d9       1%          1
b - Animate Skeleton      Necr           100%       N/A       1%          1
c - Vampiric Draining     Necr           66%        2d10      1%          3
d - Dispel Undead         Necr           66%        3d23      1%          4
e - Agony                 Necr           66%        N/A       4%          5
f - Anguish               Hex/Necr       22%        N/A       19%         4

Your spell library contained the following spells:

 Spells                   Type           Power      Damage    Failure   Level
 Animate Dead             Necr           33%        N/A       1%          4
 Freeze                   Ice            32%        1d5       17%         1
 Magic Dart               Conj           32%        1d4       17%         1
 Call Imp                 Summ           8%         N/A       26%         2
 Ensorcelled Hibernation  Hex/Ice        16%        N/A       26%         2
 Static Discharge         Conj/Air       8%         N/A       26%         2
 Confusing Touch          Hex            8%         N/A       45%         3
 Frozen Ramparts          Ice            16%        1d3       45%         3
 Gell's Gravitas          Tloc           8%         N/A       45%         3
 Ignite Poison            Fire/Tmut/Pois 8%         N/A       45%         3
 Lesser Beckoning         Tloc           8%         N/A       45%         3
 Mephitic Cloud           Conj/Pois/Air  8%         N/A       45%         3
 Teleport Other           Tloc           8%         N/A       45%         3
 Animate Armour           Summ/Erth      16%        N/A       86%         4
 Hailstorm                Conj/Ice       8%         3d4       86%         4
 Passage of Golubria      Tloc           8%         N/A       86%         4
 Sticky Flame             Conj/Fire      8%         2d3       86%         4
 Freezing Cloud           Conj/Ice/Air   4%         6-21      99%         5
 Silence                  Hex/Air        4%         N/A       99%         5
 Summon Mana Viper        Hex/Summ       8%         N/A       99%         5
 Yara's Violent Unravell  Hex/Tmut       4%         3d4       99%         5
 Iron Shot                Conj/Erth      4%         9d2       100%        6
 Enfeeble                 Hex            4%         N/A       100%        7
 Summon Hydra             Summ           4%         N/A       100%        7
 Ignition                 Fire           4%         3d4       100%        8
 Lehudib's Crystal Spear  Conj/Erth      4%         10d3      100%        8
 Spider Form              Tmut/Pois      Unusable   N/A       N/A         3
 Blade Hands              Tmut           Unusable   N/A       N/A         5

Dungeon Overview and Level Annotations

Branches:
Dungeon (12/15)            Temple (1/1) D:4            Lair (6/6) D:9
 Shoals (0/4) Lair:4        Snake (1/4) Lair:3        Slime (0/5) Lair:6
Volcano (visited)
    Orc: D:9-12

Altars:
Ashenzari
Cheibriados
Dithmenos
Elyvilon
Fedhas
Gozag
Hepliaklqana
Kikubaaqudgha
Makhleb
Nemelex Xobeh
Okawaru
Qazlal
Ru
Sif Muna
Trog
Uskayaw
Vehumet
Wu Jian
Xom
Yredelemnul
Zin
The Shining One
Jiyva

Shops:
D:6 [   D:11 (([?[   Snake:1 *([*::(=

Annotations:
D:4 Menkaure


Innate Abilities, Weirdness & Mutations

You are immune to poison.
Your flesh is cold resistant. (rC+)
You are immune to negative energy. (rN+++)
You are immune to unholy pain and torment.
You are vulnerable to heat. (rF-)
You are in touch with the powers of death.
You do not drink.


Message History

You feel life coursing into your body.
The mana viper bites you but does no damage. x2
The mana viper bites you but does no damage.
The mana viper bites you.
You feel your power leaking away.
The mana viper bites you but does no damage.
Aiming: Iceblast
Press: ? - help, Shift-Dir - straight line, p - mana viper The mass of ice explodes!
The iceblast engulfs the mana viper!
The mana viper is moderately wounded.
The iceblast engulfs the mana viper!
The mana viper is severely wounded.
The mana viper bites you!
You feel your power leaking away.
The mana viper bites you but does no damage.
Unknown command.
Unknown command.
The mana viper closely misses you.
Unknown command.
You hit the mana viper.
The mana viper is almost dead.
The mana viper bites you but does no damage.
You hit the mana viper.
The mana viper is almost dead.
The mana viper bites you!
* * * LOW HITPOINT WARNING * * *
You feel your power leaking away.
You puncture the mana viper!
You kill the mana viper!
Okay, then.
Okay, then.
The mana viper barely misses you.
There is a stone staircase leading up here.
The mana viper bites you!
* * * LOW HITPOINT WARNING * * *
You feel your power leaking away.
You can't drink.
The mana viper bites you!
You die...
Yredelemnul claims you as an undead slave.

.###.#....⌠.>.⌠#.# ##.......#.
.........#......## #..........
...#.....##...### ##..####.#.
.##.#.####.#'##.########..###....
##.....###.....##.......#..##....
...##...........#.#...#........#.
........#.#...#.##.............#.
#...⌠...'.#.⌠.#.'...⌠..........#.
'.......#.....#.@..............#.
#..#.##.......#S#.#...#.#.P......
#...(...##.....###.....##........
#..###.#.#..+#.# ###..#..........
P.............## #.#...........
...............# ###...........
.....P...#⌠.<.⌠# #............
.##......#.....# ##......#..P.
.........#..⌠..## #......).#.#.


You could see a mana viper.

Vanquished Creatures
  The ghost of Veysay the Thaumaturge, a journeyman DjWz of Dithmenos (Lair:3)
  A naga warrior (Snake:1)
  A boulder beetle (Lair:2)
  A death knight (D:11)
  2 anacondas (Snake:1)
  3 two-headed ogres
  3 death yaks
  7 skeletal warriors
  A wolf spider (Lair:6)
  A cyclops (D:11)
  An ugly thing (D:12)
  A mana viper (Lair:3)
  12 elephants
  A merfolk siren (Lair:4)
  Joseph (Lair:1)
  A naga mage (Snake:1)
  7 black mambas
  A cane toad (Lair:1)
  3 gargoyles (Volcano)
  A freezing wraith (D:11)
  Maggie (D:9)
  8 komodo dragons
  2 rime drakes
  2 polar bears
  3 flying skulls (Volcano)
  A wraith (D:11)
  4 wyverns
  15 yaks
  3 alligator skeletons (Volcano)
  A steam dragon (D:9)
  A fire elemental (D:11)
  A redback (Lair:6)
  A basilisk (Lair:3)
  An acid dragon (D:11)
  4 nagas (Snake:1)
  10 water moccasins
  6 orc warriors
  A necrophage (D:7)
  A black bear (D:5)
  4 ogres
  7 centaurs
  16 wolves
  A phantom (D:5)
  4 kobold brigands
  6 bullfrogs
  2 scorpions (D:5)
  A gnoll sergeant (D:11)
  A water moccasin zombie (D:5)
  16 killer bees
  An electric eel (D:10)
  4 howler monkeys
  2 hounds
  2 jellies
  A gnoll shaman (D:5)
  4 orc priests
  3 iguanas
  12 orc wizards
  A killer bee zombie (D:8)
  2 naga skeletons (Volcano)
  2 hound skeletons (D:4)
  2 howler monkey zombies (D:7)
  12 gnolls
  5 adders
  A shadow imp (D:7)
  2 ufetubi
  50 orcs
  13 bats
  7 endoplasms
  4 giant cockroaches
  4 goblins
  5 hobgoblins
  4 jackals (D:2)
  17 kobolds
  A quokka (D:4)
  10 ball pythons
  A frilled lizard (D:3)
  6 rats
  A spectral kobold (D:1)
353 creatures vanquished.

Vanquished Creatures (collateral kills)
  2 acid blobs (Lair:6)
  Snorg (Lair:3)
  4 hydras
  3 anacondas (Snake:1)
  A boulder beetle (Lair:5)
  2 death yaks (Lair:3)
  2 naga ritualists (Snake:1)
  2 mana vipers (Snake:1)
  A salamander (Snake:1)
  10 elephants
  A guardian serpent (Lair:6)
  A naga mage (Snake:1)
  9 black mambas
  A torpor snail (Lair:4)
  2 komodo dragons
  12 cane toads
  A polar bear (Lair:4)
  3 hornets (Lair:6)
  A slime creature (Lair:6)
  7 wyverns (Lair:6)
  23 yaks
  2 basilisks
  2 redbacks (Lair:6)
  3 nagas
  23 water moccasins
  An ogre (D:7)
  3 centaurs
  2 wolves (Lair:3)
  5 bullfrogs
  A gnoll sergeant (D:9)
  A scorpion (D:7)
  4 killer bees (D:9)
  2 howler monkeys (D:8)
  A bullfrog zombie (D:6)
  A centaur zombie (D:7)
  A hound (D:6)
  An orc wizard (D:4)
  A howler monkey zombie (D:4)
  An adder skeleton (D:4)
  An adder zombie (D:5)
  3 orcs
  2 bats (Lair:2)
  An endoplasm (D:3)
  A goblin (D:4)
  A hobgoblin (D:4)
  A quokka (D:4)
  A kobold (D:9)
  5 bushes (Lair:6)
  A fungus (Lair:6)
161 creatures vanquished.

Vanquished Creatures (others)
  A spectral hydra (Snake:1)
  2 anaconda zombies (Snake:1)
  A spectral naga (Snake:1)
  2 death yak zombies (Lair:3)
  3 black mamba zombies
  2 two-headed ogre zombies
  A human zombie (D:11)
  5 elephant zombies
  A salamander zombie (Snake:1)
  2 wyvern zombies (Lair:6)
  7 water moccasin zombies
  7 yak zombies
  4 naga zombies (Snake:1)
  3 wolf zombies
  6 centaur zombies
  A bullfrog zombie (Lair:5)
  A black bear zombie (D:5)
  5 killer bee zombies
  A scorpion zombie (D:5)
  An acid dragon zombie (D:11)
  3 howler monkey zombies
  A spectral jelly (D:7)
  A steam dragon zombie (D:9)
  An adder zombie (D:6)
  An iguana zombie (D:7)
  3 bat zombies (Lair:2)
  7 gnoll zombies
  4 kobold zombies (D:9)
  28 orc zombies
  80 fungi
  118 plants
303 creatures vanquished.

Grand Total: 817 creatures vanquished

Notes
Turn   | Place    | Note
-------+----------+-------------------------------------------
     0 | D:1      | browni3141 the Mummy Necromancer began the quest for the
                  | Orb.
     0 | D:1      | Reached XP level 1. HP: 13/13 MP: 4/4
     5 | D:1      | Learned a level 1 spell: Animate Skeleton
   258 | D:1      | Reached skill level 1 in Fighting
   279 | D:1      | Found a faded altar of an unknown god.
   433 | D:1      | Reached XP level 2. HP: 22/22 MP: 3/5
  1536 | D:2      | Reached XP level 3. HP: 28/28 MP: 4/7
  1544 | D:2      | Learned a level 3 spell: Vampiric Draining
  2436 | D:3      | Reached XP level 4. HP: 32/35 MP: 8/8
  2542 | D:3      | Noticed an ogre
  2552 | D:3      | Killed an ogre
  2553 | D:3      | Reached skill level 5 in Necromancy
  2553 | D:3      | Reached XP level 5. HP: 41/41 MP: 1/10
  3235 | D:4      | Reached XP level 6. HP: 47/47 MP: 5/12
  3261 | D:4      | Reached skill level 1 in Armour
  3737 | D:4      | Found a staircase to the Ecumenical Temple.
  3745 | D:4      | Noticed Menkaure
  4148 | Temple   | Entered the Ecumenical Temple
  4387 | Temple   | Became a worshipper of Yredelemnul the Dark
  4550 | D:4      | Reached XP level 7. HP: 52/52 MP: 10/14
  4562 | D:4      | Reached skill level 5 in Spellcasting
  4731 | D:4      | Reached * piety under Yredelemnul
  4855 | D:5      | Entered Level 5 of the Dungeon
  5492 | D:5      | Reached XP level 8. HP: 58/58 MP: 10/17
  5852 | D:5      | Reached skill level 1 in Invocations
  5858 | D:5      | Reached skill level 1 in Polearms
  6279 | D:6      | Found Osod's Antique Armour Shoppe.
  6330 | D:6      | Reached skill level 2 in Invocations
  6761 | D:6      | Got the Almanac of Causality
  7605 | D:6      | Reached skill level 3 in Invocations
  7605 | D:6      | Reached XP level 9. HP: 63/65 MP: 17/19
  7709 | D:7      | Learned a level 4 spell: Dispel Undead
  7715 | D:7      | Learned a level 5 spell: Agony
  8294 | D:7      | Reached skill level 1 in Evocations
  9090 | D:8      | Reached skill level 4 in Invocations
  9868 | D:9      | Noticed a two-headed ogre
  9876 | D:9      | Killed a two-headed ogre
  9877 | D:9      | Reached XP level 10. HP: 73/73 MP: 8/21
  9912 | D:9      | Reached ** piety under Yredelemnul
 10007 | D:9      | Reached skill level 5 in Fighting
 10007 | D:9      | Found a staircase to the Lair.
 10278 | D:9      | Reached skill level 5 in Invocations
 10281 | D:9      | Reached *** piety under Yredelemnul
 10329 | D:9      | Noticed a two-headed ogre
 10338 | D:9      | Noticed Maggie
 10346 | D:9      | Killed a two-headed ogre
 10354 | D:9      | Killed Maggie
 10355 | D:9      | Reached skill level 5 in Polearms
 11117 | D:9      | Reached skill level 6 in Invocations
 11292 | D:10     | Entered Level 10 of the Dungeon
 12474 | D:11     | Found Qacoengu's Magic Scroll Shop.
 12484 | D:11     | Bought a scroll of identify for 32 gold pieces
 12484 | D:11     | Bought a scroll of identify for 32 gold pieces
 12484 | D:11     | Bought a scroll of identify for 32 gold pieces
 12497 | D:11     | Found Kiwor's Armour Shoppe.
 12497 | D:11     | Found Uqiwub's Antique Armour Shop.
 12605 | D:11     | Found Nurruoj's Antique Weapon Boutique.
 12620 | D:11     | Noticed a cyclops
 12661 | D:11     | Killed a cyclops
 12662 | D:11     | Reached XP level 11. HP: 37/79 MP: 15/23
 12723 | D:11     | Noticed a two-headed ogre
 12741 | D:11     | Killed a two-headed ogre
 12742 | D:11     | Reached skill level 7 in Invocations
 12854 | D:11     | Found Miok's Weapon Shoppe.
 13075 | D:11     | Noticed a skeletal warrior
 13077 | D:11     | Noticed a skeletal warrior
 13077 | D:11     | Noticed a skeletal warrior
 13077 | D:11     | Noticed a skeletal warrior
 13083 | D:11     | Killed a skeletal warrior
 13085 | D:11     | Killed a skeletal warrior
 13124 | D:11     | Killed a skeletal warrior
 13125 | D:11     | Reached skill level 10 in Necromancy
 13312 | D:11     | Noticed an eight-headed hydra
 13313 | D:11     | Noticed a death knight
 13315 | D:11     | Reached skill level 8 in Invocations
 13429 | D:11     | Killed a skeletal warrior
 13996 | D:11     | Noticed a skeletal warrior
 14076 | D:11     | Killed a death knight
 14355 | D:11     | Killed a skeletal warrior
 14356 | D:11     | Reached skill level 9 in Invocations
 14356 | D:11     | Reached skill level 5 in Evocations
 14525 | D:12     | Noticed a green ugly thing
 14538 | D:12     | Killed a green ugly thing
 14953 | Lair:1   | Entered Level 1 of the Lair of Beasts
 15006 | Lair:1   | Noticed Joseph
 15025 | Lair:1   | Killed Joseph
 15314 | Lair:1   | Reached skill level 10 in Invocations
 15560 | Lair:1   | You fall into a shaft and drop 1 floor!
 15573 | Lair:2   | Reached XP level 12. HP: 54/86 MP: 11/24
 15980 | Lair:2   | Found a dark tunnel.
 15980 | Lair:2   | Noticed a boulder beetle
 15998 | Lair:2   | Killed a boulder beetle
 16022 | Volcano  | Entered a volcano
 16216 | Volcano  | Reached skill level 11 in Invocations
 17329 | Lair:2   | Reached skill level 12 in Invocations
 17990 | Lair:2   | Found a shimmering altar of Xom.
 17999 | Lair:2   | Noticed a seven-headed hydra
 18008 | Lair:2   | Killed a seven-headed hydra
 18560 | Lair:3   | Noticed a death yak
 18561 | Lair:3   | Noticed a death yak
 18561 | Lair:3   | Noticed a death yak
 18566 | Lair:3   | Noticed a death yak
 18572 | Lair:3   | Noticed a death yak
 18576 | Lair:3   | Killed a death yak
 18576 | Lair:3   | Killed a death yak
 18577 | Lair:3   | Reached skill level 13 in Invocations
 18582 | Lair:3   | Killed a death yak
 18596 | Lair:3   | Reached **** piety under Yredelemnul
 18613 | Lair:3   | Killed a death yak
 18954 | Lair:3   | Noticed Snorg
 19104 | Lair:2   | Killed a death yak
 19258 | Lair:3   | Found a runed translucent door.
 19409 | Lair:3   | Noticed Veysay's ghost (journeyman DjWz)
 19434 | Lair:3   | Reached skill level 14 in Invocations
 19434 | Lair:3   | Gained mutation: You are in touch with the powers of death.
                  | [Mummy growth]
 19434 | Lair:3   | Reached XP level 13. HP: 57/91 MP: 25/25
 19992 | Lair:3   | Found a staircase to the Snake Pit.
 20067 | Lair:3   | Killed Snorg
 20614 | Lair:3   | Killed Veysay's ghost
 21240 | Lair:3   | Reached skill level 15 in Invocations
 21730 | Lair:4   | Found a staircase to the Shoals.
 22007 | Lair:4   | Reached ***** piety under Yredelemnul
 23187 | Lair:5   | Reached skill level 16 in Invocations
 23336 | Lair:5   | Found a hide-covered altar of Uskayaw.
 23336 | Lair:5   | Found an ornate altar of the Wu Jian Council.
 23833 | Lair:6   | Entered Level 6 of the Lair of Beasts
 24070 | Lair:6   | Reached ****** piety under Yredelemnul
 24117 | Lair:6   | Reached skill level 17 in Invocations
 24117 | Lair:6   | Reached XP level 14. HP: 53/98 MP: 26/26
 25313 | Lair:6   | Found a runed translucent door.
 25313 | Lair:6   | Found a viscous altar of Jiyva.
 25317 | Lair:6   | Found a staircase to the Slime Pits.
 25317 | Lair:6   | Noticed an acid blob
 25318 | Lair:6   | Noticed an acid blob
 25524 | Lair:6   | Identified the +4 ring mail of Lyuxzelil {rElec rC+ Will+++
                  | Dex-5}
 25678 | Lair:6   | Killed an acid blob
 25679 | Lair:6   | Killed an acid blob
 25756 | Snake:1  | Entered Level 1 of the Snake Pit
 25828 | Snake:1  | Found Tacloax's Jewellery Shoppe.
 25828 | Snake:1  | Found Xunoizir's Weapon Shop.
 25834 | Snake:1  | Found Qyrch's Book Shop.
 25837 | Snake:1  | Found Keoniac's Armour Shop.
 25839 | Snake:1  | Found Iwkuyj's Book Shop.
 25841 | Snake:1  | Found Tufumib's General Store.
 25849 | Snake:1  | Bought a book of Dreams for 456 gold pieces
 25854 | Snake:1  | Learned a level 4 spell: Anguish
 26172 | Snake:1  | Found Zuasuam's General Store.
 26210 | Snake:1  | HP: 3/100 [naga sharpshooter/bolt (21)]
 26647 | Snake:1  | Found Ceeqaimu's Weapon Boutique.
 26749 | Lair:3   | HP: 4/100 [mana viper (14)]
 26752 | Lair:3   | Mangled by a mana viper

Illustrated notes

Levels and vault maps discovered:
D:1:      sevenhm_arrival_forest_fort_large_2, layout_basic,
          dreamdust_ecumenical_altar_drowned_temple, minmay_misc_feat_ornament
D:2:      layout_loops_ring, minmay_hexomino_f4
D:3:      layout_loops_ring, zin_academy
D:4:      cheibrodos_thug_alley, layout_basic, minmay_temple_entry_sparse_star,
          uniq_menkaure
D:5:      layout_basic, patterned_corridor
D:6:      layout_loops_ring, serial_shops, nicolae_shop_overgrown_old_shop
D:7:      layout_gridville, minmay_misc_feat_encased, minmay_misc_feat_tiny,
          nicolae_concentric_dashed_squares_mild
D:8:      layout_cave_pools
D:9:      layout_grid_maze, lair_entry_dummy, hangedman_abyss_or_decor_stagger,
          uniq_maggie
D:10:     layout_basic
D:11:     layout_loops_cross, serial_shops, nicolae_shop_statue_plus, shop,
          shop, nicolae_shop_advertising_works [nicolae_subvault_shop_adworks],
          nicolae_shop_competitors_out_of_business
D:12:     wad_statue_garden, layout_stronghold, orc_david_3, uniq_azrael,
          uniq_maurice, uniq_jorgrun
Temple:   mainiacjoe_temple_hex_bubbles
Lair:1:   layout_cave_pods, uniq_joseph
Lair:2:   layout_loops_ring, nicolae_volcano_entry_hallway,
          lemuel_altar_in_water2, roderic_batcave
Lair:3:   layout_gridlike, guppyfry_snake_entry_garden,
          hellmonk_ghost_happy_afterlife, grunt_megastairs_1, uniq_snorg
Lair:4:   layout_roguey, minmay_shoals_entry_lonely_mermaid, grunt_megastairs_2
Lair:5:   layout_small_grid, nzn_masters_of_martial_movement
Lair:6:   hangedman_lair_tendril_chambers, layout_regular_city, slime_altar_2
Snake:1:  layout_rooms, serial_shops, nicolae_take_the_stairs, shop_fountains,
          nicolae_shop_hallway_stairs, shop, nicolae_shop_trees,
          minmay_shop_grid_forest, grunt_ministairs_10,
          nicolae_snake_gridmaze_waves, nicolae_snake_horde_hoard

Skill      XL: |  1  2  3  4  5  6  7  8  9 10 11 12 13 14 |
---------------+-------------------------------------------+-----
Fighting       | 1 2 3 4 5 6 |  6.1
Spellcasting   | 3 4 6 7 8 9 |  9.0
Necromancy     | 5 6 7 8 9 10 11 | 11.1
Armour         | 1 2 3 4 |  4.0
Invocations    | 3 4 6 10 14 17 | 17.4
Polearms       | 2 4 6 7 |  7.3
Dodging        | 2 3 4 |  4.1
Evocations     | 2 3 5 |  5.0
Stealth        | |  1.5

Action                   |  1- 3 |  4- 6 |  7- 9 | 10-12 | 13-15 || total
-------------------------+-------+-------+-------+-------+-------++-------
Melee: Dagger            |    37 |       |       |       |       ||    37
       Short sword       |     4 |    43 |    35 |       |       ||    82
       Trident           |       |       |   284 |    30 |       ||   314
       Punch             |       |       |     1 |     6 |       ||     7
       Spear             |       |       |       |   409 |   551 ||   960
Throw: Dart              |       |     1 |       |       |     4 ||     5
 Cast: Pain              |    71 |    75 |   114 |    44 |     3 ||   307
       Animate Skeleton  |     2 |    15 |     1 |       |       ||    18
       Vampiric Draining |       |    10 |    72 |    93 |    79 ||   254
       Dispel Undead     |       |       |     5 |    39 |     3 ||    47
       Agony             |       |       |       |       |     7 ||     7
Invok: Recall Undead Har |       |       |     2 |     1 |     6 ||     9
       Dark Bargain      |       |       |       |       |     3 ||     3
       Bind Soul         |       |       |       |       |     2 ||     2
       Stop Recall       |       |       |       |       |     1 ||     1
Evoke: Wand              |       |       |     4 |    11 |     4 ||    19
  Use: Scroll            |       |       |       |    10 |     1 ||    11
 Stab: Sleeping          |     2 |       |     1 |     5 |       ||     8
       Distracted        |       |     1 |     4 |     2 |     5 ||    12
       Paralysed         |       |       |       |    24 |       ||    24
Armor: Robe              |    14 |     5 |       |       |       ||    19
       Ring mail         |       |    38 |   141 |    13 |    41 ||   233
       Acid dragon scale |       |       |       |   166 |   138 ||   304
Dodge: Dodged            |    38 |    63 |   376 |   454 |   444 ||  1375

Table legend: (Time is in decaauts)
 A = Elapsed time spent in this place.
 B = Non-inter-level travel time spent in this place.
 C = Inter-level travel time spent in this place.
 D = Time resting spent in this place.
 E = Time spent auto-exploring this place.
 F = Levels seen in this place.
 G = Mean time per level.
                   A        B        C        D        E       F      G
               +--------+--------+--------+--------+--------+-----+--------+
         Total |  28148 |  27049 |   1099 |   3180 |  19114 |  21 | 1340.4 |
       Dungeon |  15525 |  14896 |    629 |   1094 |  11026 |  12 | 1293.8 |
        Temple |    278 |    225 |     53 |      0 |    221 |   1 |  278.0 |
          Lair |  10107 |   9691 |    416 |   1332 |   6823 |   6 | 1684.5 |
     Snake Pit |   1014 |   1014 |      0 |    528 |    255 |   1 | 1014.0 |
       Volcano |   1222 |   1222 |      0 |    226 |    789 |   1 | 1222.0 |
               +--------+--------+--------+--------+--------+-----+--------+

Top non-repeatable levels by time:
  Lair:2: 2343 daAuts
  Lair:3: 2137 daAuts
    D:11: 2105 daAuts
  Lair:6: 2025 daAuts
     D:9: 1823 daAuts
  Lair:4: 1800 daAuts
     D:6: 1633 daAuts
    D:10: 1560 daAuts
     D:7: 1520 daAuts
     D:5: 1391 daAuts
     D:1: 1246 daAuts
 Volcano: 1222 daAuts
     D:2: 1222 daAuts
  Lair:5: 1164 daAuts
     D:4: 1110 daAuts
